 Seeded DCSS version 0.30.0-5-g1a98f26d00 (webtiles) character file.

Game seed: 17864640281517736300 (custom seed)

93 GigaChad the Shield-Bearer (level 4, -2/37 HPs)
             Began as a Formicid Fighter on May 10, 2023.
             Slain by a gnoll
             ... wielding a +0 spear
              (4 damage)
             ... on level 3 of the Dungeon.
             The game lasted 00:02:30 (1539 turns).

GigaChad the Shield-Bearer (Formicid Fighter)       Turns: 1539, Time: 00:02:30

Health: -2/37      AC: 10    Str: 23    XL:     4   Next: 92%
Magic:  4/4        EV:  9    Int:  7    God:
Gold:   169        SH:  5    Dex: 13    Spells: 3/3 levels left

rFire   . . .        a - +0 war axe
rCold   . . .        c - +0 buckler
rNeg    . . .        b - +0 scale mail
rPois   .            (helmet unavailable)
rElec   .            k - +2 cloak
rCorr   .            (no gloves)
SInv    +            (no boots)
Will    .....        (no amulet) Stlth
                     (no ring)
HPRegen 0.26/turn    (no ring)
MPRegen 0.09/turn

%: no passive effects
@: no status effects
A: permanent stasis, dig shafts and tunnels, antennae 3, four strong arms
a: Dig, Shaft Self


You were on level 3 of the Dungeon.
You visited 1 branch of the dungeon, and saw 3 of its levels.

You collected 169 gold pieces.

Inventory:

Hand Weapons
 a - a +0 war axe (weapon)
Armour
 b - a +0 scale mail (worn)
 c - a +0 buckler (worn)
 k - a +2 cloak (worn)
Jewellery
 m - an amulet of guardian spirit
Scrolls
 e - a scroll of immolation {unknown}
 j - a scroll of identify
Potions
 d - a potion of might
 f - a potion of lignification {unknown}
 g - 3 potions of heal wounds
 h - a potion of degeneration {unknown}
 l - a potion of curing {unknown}
 n - a potion of flight
 o - a potion of haste


   Skills:
 + Level 4.2 Fighting
 + Level 3.4 Axes
 + Level 3.6 Armour
 + Level 0.1 Dodging
 + Level 4.4 Shields


You had 3 spell levels left.
You didn't know any spells.
Your spell library contained the following spells:

 Spells                   Type           Power      Damage    Failure   Level
 Magic Dart               Conj           0%         1d3       80%         1
 Searing Ray              Conj           0%         2d4       91%         2
 Fulminant Prism          Conj/Hex       0%         3d5       100%        4


Dungeon Overview and Level Annotations

Branches:
Dungeon (3/15)

Altars:


Innate Abilities, Weirdness & Mutations

You cannot be hasted, slowed, berserked, paralysed or teleported.
You can dig through walls and to a lower floor.
You have a pair of large antennae on your head. (SInv)
Your four strong arms can wield two-handed weapons with a shield.


Message History

The gnoll is lightly wounded.
You slash the gnoll! The gnoll barely misses you.
The gnoll hits you with a +0 spear.
* * * LOW HITPOINT WARNING * * *
Unknown command.
You barely miss the gnoll.
The gnoll is lightly wounded.
You hit the gnoll but do no damage. The gnoll hits you with a +0 spear.
* * * LOW HITPOINT WARNING * * *
The gnoll hits you with a +0 spear.
* * * LOW HITPOINT WARNING * * *
The gnoll misses you. You block the gnoll's attack.
Unknown command.
You block the gnoll's attack. x2
Unknown command.
You slash the gnoll!
You kill the gnoll!
You hit the gnoll. The gnoll hits you but does no damage.
The gnoll hits you from afar with a +0 spear.
* * * LOW HITPOINT WARNING * * *
The gnoll hits you but does no damage.
Unknown command.
The gnoll hits you but does no damage.
Unknown command.
The gnoll hits you with a +0 spear.
* * * LOW HITPOINT WARNING * * *
The gnoll hits you with a +0 spear.
* * * LOW HITPOINT WARNING * * *
Things that are here:
a +0 spear; a gnoll corpse Unknown command.
The gnoll hits you but does no damage. The gnoll hits you but does no damage.
Unknown command.
Unknown command.
You open the door. You block the gnoll's attack.
You closely miss the gnoll.
The gnoll is moderately wounded.
The gnoll hits you with a +0 spear.
You die...

### #######<###
..........#
#######.#.# #.#.#
#.#.# #.#.#
#####'#'#####
#####...g@......#
........).)..)..#
###>............#
#...#+#+#+#?.##
#... .... #..
#+##. #.. . #. #.


You could see a gnoll.

Vanquished Creatures
  2 gnolls (D:3)
  2 adders (D:2)
  3 worms (D:2)
  An orc (D:2)
  3 giant cockroaches (D:1)
  9 goblins
  3 hobgoblins
  2 jackals (D:2)
  4 kobolds
  A quokka (D:2)
  7 ball pythons
  4 bats
  4 frilled lizards
  4 rats
49 creatures vanquished.

Notes
Turn   | Place    | Note
-------+----------+-------------------------------------------
     0 | D:1      | GigaChad the Formicid Fighter began the quest for the Orb.
     0 | D:1      | Reached XP level 1. HP: 18/18 MP: 1/1
   102 | D:1      | Reached XP level 2. HP: 24/24 MP: 2/2
   387 | D:1      | Found a faded altar of an unknown god.
   507 | D:1      | Reached XP level 3. HP: 30/30 MP: 3/3
   956 | D:2      | Reached XP level 4. HP: 37/37 MP: 4/4
  1535 | D:3      | HP: 1/37 [gnoll/+0 spear (1)]
  1539 | D:3      | Slain by a gnoll

Illustrated notes

Levels and vault maps discovered:
D:1:      lemuel_arrival_broad_hall, layout_rooms,
          chequers_ecumenical_altar_grove, minmay_misc_feat_hallway,
          kennysheep_decorative_pillar, minmay_misc_feat_x, hex_tiny,
          amethyst_killhole
D:2:      layout_loops_cross, grunt_ministairs_6, minmay_misc_feat_chi,
          kennysheep_minor_cross
D:3:      layout_basic, gammafunk_temple_overflow_claw,
          overflow_temple_1_default

Skill      XL: |  1  2  3  4 |
---------------+-------------+-----
Fighting       | 4 |  4.2
Axes           | 3 |  3.4
Armour         | |  3.6
Dodging        | |  0.1
Shields        | |  4.4

Action                     |  1- 3 |  4- 6 || total
---------------------------+-------+-------++-------
  Melee: War axe           |    76 |    39 ||   115
    Use: Scroll            |     3 |     3 ||     6
 Armour: Scale mail        |    41 |    27 ||    68
  Dodge: Dodged            |    39 |    22 ||    61
  Block: Buckler           |    25 |    13 ||    38
